 Dungeon Crawl Stone Soup version 0.20.1-1-g8b1a95d (webtiles) character file.

9877 laserkittenman the Protected (level 11, -9/97 HPs)
             Began as a Minotaur Berserker on Oct 27, 2017.
             Was the Champion of Trog.
             Killed from afar by an orc sorcerer (26 damage)
             ... with a bolt of negative energy
             ... on level 2 of the Orcish Mines.
             The game lasted 02:22:25 (11684 turns).

laserkittenman the Protected (Minotaur Berserker)  Turns: 11684, Time: 02:22:25

Health: -9/97      AC: 20    Str: 24    XL:     11   Next: 28%
Magic:  10/10      EV:  7    Int:  4    God:    Trog [******]
Gold:   1050       SH:  3    Dex:  7    Spells: 10/10 levels left

rFire    . . .     SeeInvis .   R - -1 hand axe (curse)
rCold    + . .     Gourm    .   Y - +0 buckler
rNeg     . . .     Faith    +   m - +0 plate armour
rPois    .         Spirit   .   l - +1 hat
rElec    .         Reflect  .   d - +0 cloak
rCorr    .         Harm     .   j - +1 pair of gloves
MR       .....                  (no boots)
Stlth    ..........             i - amulet of faith
Regen    0.3/turn               w - ring of protection from cold
MPRegen  0.2/turn               X - -4 ring of dexterity (curse)

@: heavily drained
A: retaliatory headbutt, horns 2
a: Berserk, Trog's Hand, Brothers in Arms, Burn Spellbooks, Renounce Religion


You were on level 2 of the Orcish Mines.
You worshipped Trog.
Trog was exalted by your worship.
You were not hungry.

You visited 2 branches of the dungeon, and saw 12 of its levels.

You collected 1110 gold pieces.
You spent 60 gold pieces at shops.

Inventory:

Hand Weapons
 e - a +7 antimagic broad axe
 x - a cursed -1 spear
 J - a +2 hand axe of flaming
 O - a +2 rapier of speed
 R - a cursed -1 hand axe (weapon)
 S - a +2 antimagic quarterstaff
Missiles
 C - 2 tomahawks of returning (quivered)
 P - 8 javelins of returning
Armour
 d - a +0 cloak (worn)
 j - a +1 pair of gloves (worn)
 l - a +1 hat (worn)
 m - a +0 plate armour (worn)
 Y - a +0 buckler (worn)
Jewellery
 b - a cursed -5 ring of intelligence {unknown}
 i - an amulet of faith (around neck)
 w - a ring of protection from cold (left hand)
 y - the ring of Sunlight {+Inv rF+ Str+3 Int+3, unknown}
   (You took it off a centaur on level 8 of the Dungeon)

   [ring of intelligence]

   It affects your strength (+3).
   It affects your intelligence (+3).
   It protects you from fire.
   It lets you turn invisible.
 F - an uncursed amulet of the gourmand {unknown}
 H - an uncursed amulet of guardian spirit {unknown}
 X - a cursed -4 ring of dexterity (right hand)
Wands
 g - a wand of digging (12/24)
 k - a wand of acid (7/15)
 G - a wand of digging (12/24)
 I - a wand of paralysis (14/24)
 K - a wand of random effects (34/48)
 Z - a wand of clouds (3/9)
Potions
 a - a potion of agility {unknown}
 h - a potion of degeneration {unknown}
 n - a potion of ambrosia {unknown}
 r - 2 potions of curing
 s - a potion of might {unknown}
 u - a potion of haste {unknown}
 z - 2 potions of resistance {unknown}
 A - 2 potions of heal wounds {unknown}
 B - 2 potions of lignification {unknown}
 E - a potion of flight
 M - a potion of mutation {unknown}
 U - a potion of brilliance {unknown}
Comestibles
 c - 10 bread rations
 f - 3 royal jellies
 p - 6 meat rations
 W - a fruit


   Skills:
 + Level 9.4(8.0) Fighting
 + Level 13.0(11.5) Axes
 + Level 2.1(1.0) Throwing
 + Level 13.2(11.7) Armour
 + Level 2.9(1.7) Dodging
 + Level 3.4(2.2) Shields


You had 10 spell levels left.
You didn't know any spells.

Dungeon Overview and Level Annotations

Branches:
Dungeon (10/15)            Temple (0/1) D:5             Orc (2/2) D:10
    Elf (0/3) Orc:2
   Lair: D:8-11

Altars:
Dithmenos
Elyvilon
Fedhas
Hepliaklqana
Kikubaaqudgha
Makhleb
Qazlal
Ru
Sif Muna
Trog
Uskayaw
Xom
Zin
Beogh

Shops:
D:4 %   D:9 :


Innate Abilities, Weirdness & Mutations

You reflexively headbutt those who attack you in melee.
You have a pair of horns on your head.


Message History

Found a staircase to the Elven Halls.
An orc priest comes into view.
An orc comes into view.
The orc priest shouts!
You see here 33 gold pieces.
An orc warrior comes into view. It is wielding a long sword.
The orc sorcerer points at you and mumbles some strange words.
The bolt of fire hits you! The orc sorcerer completely misses you.
The orc priest begins to cast a cantrip, but forgets the words!
The orc sorcerer points at you and mumbles some strange words.
The bolt of negative energy hits you!
You feel drained.
* * * LOW HITPOINT WARNING * * *
The orc sorcerer shouts, "You can't withstand my power!"
The orc sorcerer casts a spell.
The orc sorcerer casts a spell at you.
The bolt of negative energy hits the sixfirhy.
The sixfirhy completely resists.
The bolt of negative energy hits you!
You feel drained.
You die...

.......................#
##....................
##.........##.........#
#....................##
##.##..#............## #
###..............##
##....##...........
#...####...........
#######@## ##..........
........## ##.#.......
.#####...## #..........
###3.# ##....#.... ##o##
#.....###.
#..#####.....##.
##o#.###........
#.o..#..##+##..
#......## #.


You could see a sixfirhy, an orc sorcerer, an orc priest and an orc.

Vanquished Creatures
  The ghost of SockMonkey the Quickloader, a journeyman MiHu of Okawaru (D:9)
  2 two-headed ogres
  A troll (Orc:1)
  A hippogriff (D:10)
  A spriggan (D:8)
  Eustachio (D:7)
  A warg (D:10)
  20 orc warriors
  A sky beast (D:7)
  3 phantoms
  An ice beast (D:6)
  A black bear (D:8)
  4 centaurs
  12 ogres
  A big kobold (D:6)
  2 bullfrogs
  Blork the orc (D:7)
  A wyvern zombie (D:10)
  2 gnoll sergeants
  2 wyvern skeletons
  4 scorpions
  2 water moccasin skeletons
  9 killer bees
  8 wights
  3 howler monkeys (D:9)
  6 crimson imps
  A bullfrog zombie (D:7)
  2 centaur zombies
  A quasit (D:9)
  2 hounds
  14 orc priests
  3 jellies
  12 orc wizards
  4 centaur skeletons
  2 iguanas
  5 worker ants
  A hound zombie (D:8)
  A hound skeleton (D:7)
  13 adders
  7 gnolls
  2 shadow imps
  2 worms (D:2)
  A dart slug (D:5)
  11 leopard geckos
  75 orcs
  A ball python (D:4)
  6 bats
  8 giant cockroaches
  14 goblins
  12 hobgoblins
  21 jackals
  6 quokkas
  12 frilled lizards
  A giant cockroach zombie (D:6)
  A jackal zombie (D:6)
  11 kobolds
  A leopard gecko skeleton (D:8)
  A leopard gecko zombie (D:9)
  A quokka skeleton (D:7)
  5 rats
  A bush (D:7)
  A plant (D:1)
353 creatures vanquished.

Vanquished Creatures (others)
  An orc wizard (Orc:2)
1 creature vanquished.

Grand Total: 354 creatures vanquished

Notes
Turn   | Place    | Note
-------+----------+-------------------------------------------
     0 | D:1      | laserkittenman the Minotaur Berserker began the quest for the Orb.
     0 | D:1      | Reached XP level 1. HP: 19/19 MP: 0/0
   241 | D:1      | Reached XP level 2. HP: 26/27 MP: 1/1
   751 | D:1      | Reached ** piety under Trog
   938 | D:2      | Reached XP level 3. HP: 32/34 MP: 2/2
  1368 | D:2      | Reached XP level 4. HP: 30/41 MP: 3/3
  1686 | D:2      | Found a sacrificial altar of Ru.
  1782 | D:3      | Found a sacrificial altar of Ru.
  1808 | D:3      | Reached *** piety under Trog
  1894 | D:3      | Reached skill level 5 in Fighting
  2109 | D:3      | Reached skill level 5 in Axes
  2449 | D:3      | Found an ancient bone altar of Kikubaaqudgha.
  2449 | D:3      | Found a bloodstained altar of Trog.
  2626 | D:4      | Reached XP level 5. HP: 48/48 MP: 4/4
  3085 | D:4      | Found a shadowy altar of Dithmenos.
  3097 | D:4      | Reached XP level 6. HP: 56/56 MP: 5/5
  3105 | D:4      | Reached **** piety under Trog
  3519 | D:4      | Found Leakli's Food Emporium.
  3547 | D:4      | Bought a meat ration for 60 gold pieces
  3654 | D:5      | Entered Level 5 of the Dungeon
  3715 | D:5      | Reached skill level 5 in Armour
  3740 | D:5      | Reached ***** piety under Trog
  3754 | D:4      | Reached XP level 7. HP: 33/61 MP: 6/6
  4625 | D:5      | Found a staircase to the Ecumenical Temple.
  4932 | D:6      | Reached XP level 8. HP: 70/70 MP: 7/7
  4981 | D:6      | Received a gift from Trog
  5124 | D:6      | Found a deep blue altar of Sif Muna.
  5571 | D:7      | Received a gift from Trog
  5619 | D:7      | Noticed Eustachio
  5621 | D:7      | Noticed Blork the orc
  5625 | D:7      | Killed Eustachio
  5625 | D:7      | Reached skill level 10 in Axes
  5625 | D:7      | Reached XP level 9. HP: 74/78 MP: 8/8
  5638 | D:7      | Killed Blork the orc
  5639 | D:7      | Found a hazy altar of Hepliaklqana.
  6003 | D:7      | Found a white marble altar of Elyvilon.
  6372 | D:7      | Found a hide-covered altar of Uskayaw.
  6385 | D:7      | Found a glowing silver altar of Zin.
  6385 | D:7      | Found a burning altar of Makhleb.
  6387 | D:7      | Found a shimmering altar of Xom.
  6387 | D:7      | Found a stormy altar of Qazlal.
  6915 | D:8      | Reached skill level 10 in Armour
  7500 | D:8      | Reached XP level 10. HP: 54/88 MP: 9/9
  7503 | D:8      | Got a steaming bronze ring
  7586 | D:8      | Found a shadowy altar of Dithmenos.
  7858 | D:9      | Reached skill level 1 in Shields
  8136 | D:9      | Noticed a two-headed ogre
  8158 | D:9      | Killed a two-headed ogre
  8640 | D:9      | Noticed SockMonkey's ghost (journeyman MiHu)
  8714 | D:9      | HP: 2/90 [SockMonkey's ghost (11)]
  9037 | D:9      | Received a gift from Trog
  9437 | D:9      | Found a blossoming altar of Fedhas.
  9518 | D:9      | Killed SockMonkey's ghost
  9518 | D:9      | Reached skill level 1 in Throwing
  9608 | D:9      | Found Saptetag's Book Emporium.
  9731 | D:10     | Entered Level 10 of the Dungeon
 10104 | D:10     | Received a gift from Trog
 10115 | D:10     | Found a staircase to the Orcish Mines.
 10259 | Orc:1    | Entered Level 1 of the Orcish Mines
 10273 | Orc:1    | Found a deep blue altar of Sif Muna.
 10353 | Orc:1    | Reached XP level 11. HP: 51/97 MP: 10/10
 10723 | Orc:2    | Entered Level 2 of the Orcish Mines
 10754 | Orc:2    | Found a roughly hewn altar of Beogh.
 10821 | Orc:2    | Noticed a two-headed ogre
 10909 | Orc:2    | Killed a two-headed ogre
 11492 | Orc:2    | Reached ****** piety under Trog
 11509 | Orc:2    | Received a gift from Trog
 11662 | Orc:2    | Noticed an orc sorcerer
 11662 | Orc:2    | Found a staircase to the Elven Halls.
 11683 | Orc:2    | Noticed a sixfirhy
 11684 | Orc:2    | Killed from afar by an orc sorcerer

Skill      XL: |  1  2  3  4  5  6  7  8  9 10 11 |
---------------+----------------------------------+-----
Fighting       | 4 5 6 8 9 |  9.4
Axes           | 4 5 6 8 10 11 12 13 | 13.0
Armour         | 3 4 5 7 8 10 13 | 13.2
Shields        | 2 3 |  3.4
Throwing       | 1 2 |  2.1
Dodging        | |  2.9

Action                   |  1- 3 |  4- 6 |  7- 9 | 10-12 || total
-------------------------+-------+-------+-------+-------++-------
Melee: Hand axe          |   105 |   204 |   448 |   581 ||  1338
       Headbutt          |    22 |    30 |   100 |   111 ||   263
Throw: Javelin           |       |     2 |       |       ||     2
       Tomahawk          |       |       |     3 |    18 ||    21
Invok: Berserk           |     2 |     6 |     7 |     7 ||    22
       Burn Spellbooks   |       |     2 |     3 |     3 ||     8
       Trog's Hand       |       |       |     1 |     2 ||     3
       Brothers in Arms  |       |       |       |     1 ||     1
Evoke: Wand              |       |       |     1 |     1 ||     2
  Use: Potion            |       |       |     1 |     3 ||     4
 Stab: Invisible         |       |       |     1 |       ||     1
  Eat: Chunk             |     3 |    14 |    13 |    10 ||    40
       Meat ration       |       |       |     1 |     1 ||     2
       Fruit             |       |       |     1 |       ||     1
       Bread ration      |       |       |       |     1 ||     1
       Royal jelly       |       |       |       |     1 ||     1
Armor: Animal skin       |     6 |       |       |       ||     6
       Plate armour      |    31 |   102 |   200 |   227 ||   560
Dodge: Dodged            |    41 |    64 |   102 |   139 ||   346
Block: Buckler           |       |       |    19 |    68 ||    87
